Map: Orbital Shipyard

Players

IIIIIIIIIIII

  • Race: Terran Terran
  • League: Diamond

Enex - Winner!

  • Race: Terran Terran
  • League: Platinum

VOD

Have the link to the VOD?

Description

Time

  • Played on: Oct. 19, 2015, 3:39 p.m.
  • Length: 13:25
Show
View Real Time Build Order
Export as new Build Order

IIIIIIIIIIII Terran 

Build Orders: 1/1/1 

Get SALT Encoding   

  12  0:01  SCV  
  13  0:13  SCV  
  14  0:17  Supply Depot  
  14  0:25  SCV  
  14  0:28  Refinery  
  15  0:39  SCV  
  16  0:44  Barracks  
  16  0:51  SCV  
  17  1:03  SCV  
  18  1:05  Refinery  
  18  1:15  SCV  
  19  1:31  Marine, Orbital Command  
  19  1:32  Factory  
  20  1:40  Supply Depot  
  20  1:51  Barracks Reactor  
  20  1:57  SCV  
  21  2:11  SCV  
  22  2:17  Factory Tech Lab  
  22  2:19  Starport  
  22  2:23  SCV  
  22  2:28  Marine  
  22  2:29  Marine  
  25  2:32  Supply Depot  
  25  2:35  SCV  
  25  2:36  Siege Tank  
  29  2:44  Supply Depot  
  29  2:46  Marine  
  29  2:47  Marine  
  31  2:54  SCV  
  31  2:57  Medivac  
  34  3:10  Siege Tank  
  37  3:15  SCV  
  38  3:20  Marine x2  
  38  3:23  Supply Depot  
  40  3:29  Starport Tech Lab  
  40  3:46  Marine  
  40  3:47  Marine  
  42  3:49  Command Center  
  41  4:11  SCV  
  41  4:12  Banshee, Cloaking Field  
  41  4:14  Marine x2  
  47  4:18  Supply Depot  
  47  4:26  SCV, Engineering Bay  
  47  4:29  Siege Tank  
  46  4:38  SCV  
  47  4:50  SCV  
  48  4:53  Marine  
  42  5:01  Viking  
  42  5:05  Missile Turret  
  42  5:06  Missile Turret, Orbital Command  
  44  5:07  SCV  
  44  5:11  Marine x2  
  47  5:19  SCV  
  48  5:30  Siege Tank  
  48  5:31  SCV  
  52  5:44  SCV, Barracks  
  52  5:45  Barracks  
  54  5:50  SCV  
  54  5:53  Refinery  
  54  5:54  Starport Reactor  
  54  5:56  SCV  
  55  6:02  SCV, Factory  
  56  6:08  SCV  
  57  6:14  SCV  
  58  6:20  SCV  
  58  6:24  Siege Tank, Marine x2  
  61  6:26  SCV  
  61  6:32  SCV  
  63  6:33  Barracks Tech Lab  
  63  6:34  Barracks Tech Lab  
  63  6:35  Command Center  
  63  6:38  SCV  
  64  6:41  Medivac  
  66  6:47  Medivac  
  66  6:49  SCV  
  66  6:50  SCV  
  66  6:53  Refinery, Marine x4  
  74  7:00  Supply Depot, Barracks  
  74  7:02  Supply Depot, Barracks  
  74  7:06  Combat Shields  
  74  7:11  Stimpack, Marine  
  75  7:17  SCV x2  
  77  7:25  Supply Depot  
  77  7:26  Supply Depot, Marine x2  
  77  7:28  Marine  
  77  7:29  SCV x2, Medivac  
  84  7:32  Medivac  
  86  7:39  Marine  
  86  7:42  SCV  
  88  7:46  Terran Infantry Weapons Level 1  
  88  7:49  Supply Depot x2  
  88  7:50  Orbital Command  
  88  8:07  Marine  
  88  8:08  Marine  
  91  8:17  Barracks Reactor  
  91  8:18  Barracks Reactor  
  86  8:21  Orbital Command  
  86  8:24  Viking x2  
  86  8:25  Siege Tank  
  93  8:27  Marine x2  
  93  8:28  Marauder x2  
  93  8:31  SCV x2  
  101  8:43  SCV  
  101  8:45  Siege Tank, Marine x2  
  101  8:48  SCV, Barracks x2  
  108  8:49  SCV, Marine  
  108  8:55  SCV, Refinery, Marine  
  111  8:57  Siege Tank  
  111  9:00  SCV  
  111  9:01  SCV  
  117  9:03  Marauder, Marine x2  
  117  9:08  Medivac x2  
  125  9:13  Concussive Shells  
  125  9:21  Marauder, Marine x3  
  130  9:26  Supply Depot  
  130  9:29  Supply Depot  
  130  9:32  Barracks  
  130  9:33  Supply Depot  
  130  9:35  Marine x2  
  130  9:36  Missile Turret  
  130  9:37  Barracks Tech Lab  
  130  9:38  Marauder, Marine x2  
  135  9:39  Barracks Reactor  
  135  9:45  Siege Tank x2  
  127  9:49  Supply Depot  
  119  9:57  Missile Turret  
  91  10:16  Marauder x2  
  38  12:04  Orbital Command  
Show
View Real Time Build Order
Export as new Build Order

Enex Terran - Winner!

Build Orders: 1/1/1, Banshee Rush 

Get SALT Encoding   

  12  0:00  SCV  
  13  0:12  SCV  
  14  0:18  Supply Depot  
  14  0:25  SCV  
  15  0:29  Refinery  
  15  0:39  SCV  
  16  0:45  Barracks  
  16  0:51  SCV  
  17  1:03  SCV  
  18  1:15  SCV  
  19  1:32  Marine, Orbital Command  
  20  1:34  Factory  
  20  1:43  Supply Depot  
  20  1:48  Refinery  
  20  1:52  Marine  
  21  1:58  SCV  
  22  2:10  SCV  
  22  2:12  Marine  
  24  2:18  Factory Tech Lab, Starport  
  24  2:23  SCV  
  25  2:31  Supply Depot  
  25  2:32  Marine  
  25  2:35  SCV  
  27  2:45  Widow Mine  
  27  2:48  SCV  
  27  2:49  Marine  
  31  3:00  SCV, Cloaking Field  
  31  3:01  Banshee  
  35  3:09  Marine  
  35  3:12  SCV  
  37  3:16  Widow Mine  
  39  3:23  Supply Depot  
  39  3:30  Barracks Reactor  
  39  3:45  SCV, Viking  
  39  3:47  Factory Tech Lab  
  42  3:49  Supply Depot  
  42  4:04  SCV  
  43  4:11  Marine x2  
  43  4:12  Siege Tank  
  43  4:16  SCV  
  49  4:20  Viking  
  51  4:29  SCV  
  51  4:30  Marine  
  51  4:31  Marine  
  54  4:41  SCV  
  54  4:44  Command Center  
  54  4:53  Command Center  
  54  4:58  Marine  
  55  5:06  Marine  
  59  5:09  Raven  
  58  5:16  Marine  
  58  5:19  SCV  
  60  5:27  Barracks x2  
  60  5:31  SCV  
  61  5:36  Marine x2  
  63  5:42  Factory Tech Lab  
  63  5:44  Factory Reactor  
  63  5:47  Engineering Bay  
  63  5:50  Supply Depot  
  63  5:52  SCV  
  64  6:04  SCV  
  65  6:07  Marine x2  
  66  6:14  Supply Depot  
  66  6:16  SCV  
  66  6:23  Stimpack  
  64  6:28  Terran Infantry Weapons Level 1, SCV, Marine x2  
  64  6:30  Barracks Reactor  
  67  6:40  SCV  
  67  6:42  Orbital Command  
  68  6:48  Marine x2  
  68  6:51  Medivac  
  68  6:52  SCV  
  68  6:54  Medivac  
  75  6:55  Marine  
  76  7:04  SCV  
  76  7:05  Supply Depot  
  77  7:10  Marine x2  
  77  7:11  Marine x2  
  77  7:12  Marine  
  77  7:13  SCV  
  83  7:16  SCV  
  83  7:18  Siege Tank  
  87  7:28  Marine x2  
  87  7:29  Marine  
  90  7:38  Marine x2  
  90  7:45  Command Center  
  90  7:46  Marine  
  90  7:47  Medivac  
  93  7:51  Marine  
  93  7:52  Marine  
  93  7:55  Marine x2  
  96  7:59  Siege Tank  
  96  8:04  Marine  
  99  8:19  Marine x3  
  101  8:20  Marine  
  101  8:24  Marine  
  101  8:26  SCV x2  
  106  8:30  Terran Infantry Armor Level 1, Widow Mine  
  106  8:31  Supply Depot  
  106  8:32  Supply Depot x2  
  108  8:36  Refinery x2  
  108  8:37  Marine  
  109  8:41  Barracks  
  109  8:43  Barracks  
  109  8:46  SCV  
  110  8:52  Marine x4  
  110  8:53  SCV  
  110  8:55  Marine  
  116  8:59  Widow Mine  
  118  9:06  Orbital Command  
  118  9:07  SCV x2  
  120  9:10  Marine x3  
  120  9:14  Marine  
  124  9:19  SCV x2  
  126  9:26  Refinery  
  126  9:28  Refinery, Siege Tank, Medivac  
  131  9:33  Barracks Reactor  
  130  9:52  Marine x4  
  132  9:53  Marine  
  132  9:55  Marine  
  119  10:00  Siege Tank  
  118  10:09  Marine  
  118  10:10  Marine x2  
  110  10:23  Marine  
  110  10:26  Marine x2  
  110  10:28  Marine  
  93  10:36  SCV  
  93  10:41  Marine  
  70  11:09  Command Center  
  69  12:27  Orbital Command  
  69  12:53  Starport Tech Lab  
Tags
 
Add a new tag
Caveats
  • Supply blocks, unpowered buildings, or Contaminate may cause inaccurate times.
  • Supply counts are checked every 10 seconds.